 Dungeon Crawl Stone Soup version 0.22.1-2-g9c5b331 (webtiles) character file.

823 magicm the Chopper (level 7, -1/55 HPs)
             Began as a Demonspawn Berserker on Nov 20, 2018.
             Was a Priest of Trog.
             Succumbed to a gnoll sergeant's poison
             ... on level 5 of the Dungeon.
             The game lasted 00:11:59 (3692 turns).

magicm the Chopper (Demonspawn Berserker)           Turns: 3692, Time: 00:11:59

Health: -1/55      AC: 13    Str: 18    XL:     7   Next: 63%
Magic:  7/7        EV: 12    Int:  8    God:    Trog [***...]
Gold:   265        SH:  0    Dex: 14    Spells: 6/6 levels left

rFire    + . .     SeeInvis .   a - +0 hand axe
rCold    . . .     Gourm    .   (no shield)
rNeg     . . .     Faith    .   h - +0 ring mail {rF+}
rPois    .         Spirit   .   n - +2 helmet
rElec    .         Reflect  .   (no cloak)
rCorr    .         Harm     .   t - +1 pair of gloves {archery}
MR       .....                  (no boots)
Stlth    +.........             (no amulet)
HPRegen  0.18/turn              (no ring)
MPRegen  0.10/turn              (no ring)

@: lethally poisoned (-1 -> -39), berserk cooldown, slowed, very slow
A: claws 1, yellow scales 1, powered by death 1
a: Berserk, Trog's Hand, Renounce Religion


You were on level 5 of the Dungeon.
You worshipped Trog.
Trog was most pleased with you.
You were not hungry.

You visited 1 branch of the dungeon, and saw 5 of its levels.

You collected 265 gold pieces.

Inventory:

Hand Weapons
 a - a +0 hand axe (weapon)
Armour
 h - a +0 ring mail of fire resistance (worn)
 n - a +2 helmet (worn)
 t - a +1 pair of gloves of archery (worn)
Jewellery
 o - a +2 amulet of reflection {unknown}
Wands
 j - a wand of flame (11)
Scrolls
 e - 2 scrolls of blinking
 m - a scroll of teleportation
 r - a scroll of remove curse
 s - 2 scrolls of identify
Potions
 b - a potion of resistance
 d - 2 potions of agility {unknown}
 f - 2 potions of brilliance
 g - 2 potions of heal wounds
 i - a potion of cancellation {unknown}
 k - 2 potions of magic {unknown}
 l - 2 potions of degeneration {unknown}
 p - a potion of invisibility {unknown}
 q - a potion of might {unknown}
Comestibles
 c - 6 rations


   Skills:
 + Level 4.6 Fighting
 + Level 6.4 Axes
 + Level 3.5 Armour
 + Level 3.1 Dodging
 + Level 0.3 Stealth


You had 6 spell levels left.
You didn't know any spells.
Your spell library was empty.

Dungeon Overview and Level Annotations

Branches:
Dungeon (5/15)
 Temple: D:4-7

Altars:
Fedhas
Okawaru
Qazlal
Ru
Zin


Innate Abilities, Weirdness & Mutations

You have sharp fingernails.
You are partially covered in yellow scales. (AC +2)
You regenerate a little health from kills.


Message History

The gnoll sergeant is lightly wounded.
* * * LOW HITPOINT WARNING * * *
You feel sick. The gnoll sergeant closely misses you.
You slash the gnoll sergeant!
The gnoll sergeant is heavily wounded.
* * * LOW HITPOINT WARNING * * *
You feel sick.
* * * LOW HITPOINT WARNING * * *
You feel sick.
The gnoll sergeant hits you but does no damage.
You are more poisoned.
You feel a strong urge to attack something.
* * * LOW HITPOINT WARNING * * *
You feel sick.
You are no longer berserk.
You are exhausted.
You feel yourself slow down.
* * * LOW HITPOINT WARNING * * *
You feel sick.
You die... .....## #... .....)## #..# .####..## #..# # ##..## #gg

##..## #.## ##..##
####g##
##..####...#.##
#..#.........###
#.....##@##.#..#
#......#.[.#..#....#
#...............##..##
............_....# ###
..#####...........# .
#....#...#..#
.....##.##..#
.##.........# # #..
...#


You could see a gnoll sergeant.

Vanquished Creatures
  A sky beast (D:5)
  2 ogres
  A centaur (D:3)
  4 crimson imps
  An orc wizard (D:5)
  2 hounds (D:4)
  A jelly (D:5)
  3 worker ants
  A hound skeleton (D:4)
  3 adders
  A gnoll (D:5)
  A shadow imp (D:5)
  An adder skeleton (D:4)
  3 worms
  2 dart slugs
  3 leopard geckos
  14 orcs
  A ball python (D:3)
  4 giant cockroaches
  9 hobgoblins
  2 jackals (D:1)
  2 quokkas
  6 bats
  4 frilled lizards
  5 goblins
  4 kobolds
  13 rats
94 creatures vanquished.

Notes
Turn   | Place    | Note
-------+----------+-------------------------------------------
     0 | D:1      | magicm the Demonspawn Berserker began the quest for the
                  | Orb.
     0 | D:1      | Reached XP level 1. HP: 18/18 MP: 1/1
   115 | D:1      | Gained mutation: You are partially covered in yellow
                  | scales. (AC +2) [demonic ancestry]
   115 | D:1      | Reached XP level 2. HP: 22/24 MP: 2/2
   203 | D:1      | Reached skill level 3 in Axes
   502 | D:2      | Reached ** piety under Trog
   527 | D:2      | Gained mutation: You have sharp fingernails. [demonic
                  | ancestry]
   527 | D:2      | Reached XP level 3. HP: 29/29 MP: 3/3
  1519 | D:3      | Reached XP level 4. HP: 31/36 MP: 4/4
  1520 | D:3      | Noticed a centaur
  1528 | D:3      | Killed a centaur
  1528 | D:3      | Reached skill level 4 in Axes
  1528 | D:3      | Reached XP level 5. HP: 20/42 MP: 5/5
  2188 | D:4      | Noticed an ogre
  2191 | D:4      | Reached *** piety under Trog
  2193 | D:4      | Found a stormy altar of Qazlal.
  2202 | D:4      | Killed an ogre
  2202 | D:4      | Reached skill level 5 in Axes
  2202 | D:4      | Gained mutation: You regenerate a little health from kills.
                  | [demonic ancestry]
  2202 | D:4      | Reached XP level 6. HP: 48/48 MP: 6/6
  2210 | D:4      | Found a blossoming altar of Fedhas.
  2446 | D:4      | Found a sacrificial altar of Ru.
  2807 | D:5      | Entered Level 5 of the Dungeon
  2831 | D:5      | Reached XP level 7. HP: 33/55 MP: 7/7
  3210 | D:5      | Found a glowing silver altar of Zin.
  3242 | D:5      | Reached skill level 6 in Axes
  3646 | D:5      | Found an iron altar of Okawaru.
  3692 | D:5      | Succumbed to a gnoll sergeant's poison

Skill      XL: |  1  2  3  4  5  6  7 |
---------------+----------------------+-----
Dodging        | 2 3 |  3.1
Axes           | 3 4 5 6 |  6.4
Armour         | 2 3 |  3.5
Fighting       | 4 |  4.6
Stealth        | |  0.3

Action                   |  1- 3 |  4- 6 |  7- 9 || total
-------------------------+-------+-------+-------++-------
Melee: Hand axe          |   163 |   164 |   160 ||   487
Invok: Berserk           |     1 |     3 |     1 ||     5
  Use: Scroll            |     6 |       |     1 ||     7
  Eat: Ration            |     1 |     2 |     2 ||     5
Armor: Animal skin       |    13 |       |       ||    13
       Ring mail         |    50 |    61 |    69 ||   180
Dodge: Dodged            |    89 |   119 |    90 ||   298
